 Dungeon Crawl Stone Soup version 0.28-a0-514-g0d7ab7f379 (webtiles) character file.

Game seed: 10003951487968085215

1272 ezpacito the Distorting Demonspawn (level 8, 61/61 HPs)
             Began as a Demonspawn Abyssal Knight on Sept 22, 2021.
             Was a Believer of Lugonu.
             Quit the game on level 5 of the Dungeon.
             The game lasted 00:10:23 (5641 turns).

ezpacito the Distorting Demonspawn (DsAK)           Turns: 5641, Time: 00:10:24

Health: 61/61      AC:  7    Str: 20      XL:     8   Next: 28%
Magic:  12/12      EV: 15    Int:  3 (4)  God:    Lugonu [**....]
Gold:   240        SH:  0    Dex: 22      Spells: 12/13 levels left

rFire   . . .      SeeInvis .   k - +0 war axe (vorpal)
rCold   + . .      Faith    +   (no shield)
rNeg    . . .      Spirit   .   j - +0 ring mail
rPois   .          Reflect  .   (helmet restricted)
rElec   +          Harm     .   (no cloak)
rCorr   .          Rampage  .   i - +0 pair of gloves
Will    .....                   (no boots)
Stlth   +.........              m - amulet "Nekewerabbou" {Faith +Inv rElec Int-5 Slay+3}
HPRegen 0.20/turn               d - +6 ring of strength
MPRegen 0.13/turn               e - +6 ring of dexterity

@: no status effects
A: talons 1, repulsion field 1, ignite blood 1, powered by death 1, antennae 1,
cold resistance 1, deterioration 1, dopey 1
a: Renounce Religion, Evoke Invisibility, Depart the Abyss, Bend Space


You were on level 5 of the Dungeon.
You worshipped Lugonu.
Lugonu was pleased with you.
You visited 1 branch of the dungeon, and saw 5 of its levels.
You visited the Abyss 1 time.

You collected 240 gold pieces.

Inventory:

Hand Weapons
 a - a +1 hand axe
 k - a +0 vorpal war axe (weapon)
 p - a +0 halberd of freezing
 s - a +2 whip of flaming
Missiles
 g - 111 stones
Armour
 i - a +0 pair of gloves (worn)
 j - a +0 ring mail (worn)
Jewellery
 b - a ring of fire
 d - a +6 ring of strength (left hand)
 e - a +6 ring of dexterity (right hand)
 m - the amulet "Nekewerabbou" (around neck) {Faith +Inv rElec Int-5 Slay+3}
   (You acquired it on level 5 of the Dungeon)

   [amulet of faith]

   It allows you to gain divine favour quickly.
   Int:       It affects your intelligence (-5).
   Slay:      It affects your accuracy & damage with ranged weapons and melee
   (+3).
   rElec:     It insulates you from electricity.
   +Inv:      It lets you turn invisible.
Scrolls
 c - 2 scrolls of teleportation
 f - a scroll of immolation
 h - 4 scrolls of amnesia
 l - 2 scrolls of vulnerability
 q - 2 scrolls of fog
Potions
 n - 7 potions of curing
 o - a potion of flight
 t - a potion of experience {unknown}


   Skills:
 + Level 4.8 Fighting
 * Level 5.2 Axes
 + Level 3.7 Armour
 + Level 3.3 Dodging
 + Level 3.0 Spellcasting
 + Level 5.3 Invocations


You had 12 spell levels left.
You knew the following spells:

 Your Spells              Type           Power      Damage    Failure   Level
a - Magic Dart            Conj           0%         1d3       58%         1

Your spell library contained the following spells:

 Spells                   Type           Power      Damage    Failure   Level
 Ozocubu's Armour         Ice            0%         N/A       91%         3
 Tukima's Dance           Hex            0%         N/A       91%         3
 Passage of Golubria      Tloc           N/A        N/A       100%        4
 Yara's Violent Unravell  Hex/Tmut       0%         3d3       100%        5
 Ozocubu's Refrigeration  Ice            0%         4d5       100%        7


Dungeon Overview and Level Annotations

Branches:
Dungeon (5/15)             Temple (0/1) D:4

Altars:
Kikubaaqudgha
Sif Muna
Vehumet
Wu Jian

Shops:
D:2 ?


Innate Abilities, Weirdness & Mutations

You have sharp toenails.
You are surrounded by a mild repulsion field. (EV +2)
Your demonic aura sometimes causes spilled blood to erupt in flames.
You regenerate a little health from kills.
You have a pair of small antennae on your head.
Your flesh is cold resistant. (rC+)
Your body sometimes deteriorates upon taking damage.
You are dopey. (Int -2)


Message History

You open the door.
There is an open door here.
You open the door.
There is an open door here.
You open the door.
There is an open door here.
Found a stone staircase leading up.
There is a stone staircase leading up here.
g - 111 stones (gained 19)
The walls and floor vibrate strangely for a moment.
n - 7 potions of curing (gained 1)
You sense a monster nearby.
No target in view! 2 zombies come into view.
There is a collapsed entrance here.
You see here 2 yellow potions.
The quokka zombie bites you but does no damage.
The quokka zombie bites you but does no damage.
You closely miss the quokka zombie. You claw the quokka zombie!
The quokka zombie is almost destroyed.
The quokka zombie misses you.
The quokka zombie completely misses you.
You slash the quokka zombie!
You destroy the quokka zombie!
Lugonu accepts your kill.
No target in view!
No target in view!
No target in view!
No target in view!
No target in view!
No target in view!
No target in view!
No target in view!
No target in view!
No target in view!
No target in view!
No target in view!
No target in view!
No target in view!
Are you sure you want to abandon this character and quit the game? (Confirm with "yes".)

#.....#.#.....
#.....#.'.....
#.....###.....
########.....#
#.....
.............#
#.....
.#.#####.....#
#.....
............#
######
.######..####
#.@..#..#
#!.###..#
#.......#
#..###..#
#...Z#..#
######..# ...#
....# #####


There were no monsters in sight!

Vanquished Creatures
  Pikel (D:5)
  Menkaure (D:3)
  A sky beast (D:4)
  An ice beast (D:5)
  An ogre (D:5)
  A lemure (D:5)
  2 water moccasin skeletons
  A howler monkey (D:5)
  An orc priest (D:3)
  2 jellies
  2 orc wizards
  A hound skeleton (D:4)
  A howler monkey zombie (D:5)
  6 adders
  2 dart slugs
  8 orcs
  2 bats
  7 endoplasms
  2 giant cockroaches
  9 goblins
  5 hobgoblins
  3 jackals (D:1)
  6 kobolds
  4 quokkas
  7 ball pythons
  2 frilled lizards
  A quokka skeleton (D:4)
  A quokka zombie (D:5)
  5 rats (D:1)
86 creatures vanquished.

Vanquished Creatures (others)
  5 starspawn tentacles (Abyss:1)
5 creatures vanquished.

Grand Total: 91 creatures vanquished

Notes
Turn   | Place    | Note
-------+----------+-------------------------------------------
     0 | Abyss:1  | ezpacito the Demonspawn Abyssal Knight began the quest for
                  | the Orb.
     0 | Abyss:1  | Reached XP level 1. HP: 18/18 MP: 2/2
    77 | Abyss:1  | Noticed a tentacled starspawn
    92 | Abyss:1  | Noticed a spatial vortex
   111 | D:1      | Escaped the Abyss
   182 | D:1      | Reached skill level 1 in Dodging
   382 | D:1      | Found a faded altar of an unknown god.
   390 | D:1      | Gained mutation: You have sharp toenails. [demonic
                  | ancestry]
   390 | D:1      | Reached XP level 2. HP: 20/24 MP: 3/3
   461 | D:1      | Reached * piety under Lugonu
   952 | D:1      | Gained mutation: You are surrounded by a mild repulsion
                  | field. (EV +2) [demonic ancestry]
   952 | D:1      | Reached XP level 3. HP: 20/29 MP: 5/5
  1577 | D:2      | Found Odedgheont's Magic Scroll Shop.
  1871 | D:2      | Gained mutation: Your demonic aura sometimes causes spilled
                  | blood to erupt in flames. [demonic ancestry]
  1871 | D:2      | Reached XP level 4. HP: 35/35 MP: 6/6
  1893 | D:2      | Reached skill level 1 in Spellcasting
  2692 | D:3      | Reached ** piety under Lugonu
  2773 | D:3      | Gained mutation: You regenerate a little health from kills.
                  | [demonic ancestry]
  2773 | D:3      | Reached XP level 5. HP: 41/41 MP: 7/7
  2999 | D:3      | Found an ancient bone altar of Kikubaaqudgha.
  3011 | D:3      | Found a radiant altar of Vehumet.
  3015 | D:3      | Found a shimmering blue altar of Sif Muna.
  3021 | D:3      | Got Vehumet's Volume of Confrontation
  3103 | D:3      | Learned a level 1 spell: Magic Dart
  3383 | D:4      | Noticed a water moccasin
  3405 | D:3      | HP: 2/42 [poisoned by a water moccasin]
  3695 | D:3      | Gained mutation: Your muscles are strong. (Str +2) [potion
                  | of mutation]
  3695 | D:3      | Gained mutation: Your body sometimes deteriorates upon
                  | taking damage. [potion of mutation]
  3695 | D:3      | Lost mutation: Your muscles are strong. (Str +2) [potion of
                  | mutation]
  3695 | D:3      | Gained mutation: You are strong-willed. (Will+) [potion of
                  | mutation]
  3696 | D:3      | Lost mutation: You are strong-willed. (Will+) [potion of
                  | mutation]
  3696 | D:3      | Gained mutation: You are dopey. (Int -2) [potion of
                  | mutation]
  3696 | D:3      | Gained mutation: Your flesh is cold resistant. (rC+)
                  | [potion of mutation]
  3696 | D:3      | Gained mutation: You have a pair of small antennae on your
                  | head. [potion of mutation]
  3708 | D:4      | Noticed Menkaure
  3921 | D:3      | HP: 2/42 [Menkaure/nerve-wracking pain (9)]
  3922 | D:3      | Killed Menkaure
  3923 | D:3      | Reached XP level 6. HP: 4/48 MP: 8/8
  4476 | D:4      | Found an ornate altar of the Wu Jian Council.
  4677 | D:4      | Found a staircase to the Ecumenical Temple.
  4679 | D:4      | Noticed a sky beast
  4697 | D:4      | Killed a sky beast
  4698 | D:4      | Reached XP level 7. HP: 22/54 MP: 10/10
  4908 | D:5      | Entered Level 5 of the Dungeon
  5019 | D:5      | Noticed Pikel
  5020 | D:5      | Identified a scroll of acquirement
  5020 | D:5      | Acquired the amulet "Nekewerabbou" {Faith +Inv rElec Int-5
                  | Slay+3}
  5056 | D:5      | Killed Pikel
  5057 | D:5      | Reached skill level 5 in Invocations
  5057 | D:5      | Reached XP level 8. HP: 15/61 MP: 10/12
  5212 | D:5      | Reached skill level 5 in Axes
  5641 | D:5      | Quit the game

Illustrated notes

Levels and vault maps discovered:
D:1:      heliophobic_arrival_battle_scene, layout_loops_ring,
          basic_ecumenical_altar
D:2:      layout_rooms, serial_shops, nicolae_diamond_shop
D:3:      layout_basic, grunt_temple_overflow_magic_moments
D:4:      layout_rooms, mainiacjoe_overflow_brackets, minmay_temple_entry_mist,
          minmay_misc_feat_rows, minmay_misc_feat_tiny, uniq_menkaure
D:5:      layout_basic, enter_ossuary_4, kennysheep_crisscross, uniq_sigmund,
          uniq_pikel

Skill      XL: |  1  2  3  4  5  6  7  8 |
---------------+-------------------------+-----
Axes           | 2 3 4 5 |  5.2
Dodging        | 1 2 3 |  3.3
Armour         | 2 3 |  3.7
Spellcasting   | 1 2 3 |  3.0
Invocations    | 3 4 5 |  5.3
Fighting       | 4 |  4.8

Action                   |  1- 3 |  4- 6 |  7- 9 || total
-------------------------+-------+-------+-------++-------
Melee: Hand axe          |    77 |    37 |       ||   114
       Kick              |    16 |    42 |    21 ||    79
       War axe           |       |    70 |    38 ||   108
 Cast: Magic Dart        |       |       |     1 ||     1
Invok: Depart the Abyss  |     1 |       |       ||     1
  Use: Scroll            |     4 |     6 |     4 ||    14
       Potion            |       |     4 |       ||     4
Armor: Leather armour    |    18 |     1 |       ||    19
       Ring mail         |       |    33 |    16 ||    49
Dodge: Dodged            |    41 |    90 |    47 ||   178

Table legend: (Time is in decaauts)
 A = Elapsed time spent in this place.
 B = Non-inter-level travel time spent in this place.
 C = Inter-level travel time spent in this place.
 D = Time resting spent in this place.
 E = Time spent auto-exploring this place.
 F = Levels seen in this place.
 G = Mean time per level.
                   A        B        C        D        E       F      G
               +--------+--------+--------+--------+--------+-----+--------+
         Total |   5704 |   5587 |    117 |   1404 |   3329 |   6 |  950.7 |
       Dungeon |   5593 |   5476 |    117 |   1404 |   3260 |   5 | 1118.6 |
         Abyss |    111 |    111 |      0 |      0 |     69 |   1 |  111.0 |
               +--------+--------+--------+--------+--------+-----+--------+

Top non-repeatable levels by time:
     D:3: 1630 daAuts
     D:1: 1476 daAuts
     D:2: 942 daAuts
     D:4: 801 daAuts
     D:5: 743 daAuts
 Abyss:1: 111 daAuts
